 Dungeon Crawl Stone Soup version 0.27-a0-1431-gcffa5a9b16 (webtiles) character file.

Game seed: 5608734012049261323

228197 porpoise the Severer (level 18, -15/171 HPs)
             Began as a Minotaur Berserker on June 29, 2021.
             Was the Champion of Trog.
             Shot with an arrow by a deep elf master archer (27 damage)
             ... on level 3 of the Elven Halls on July 2, 2021.
             The game lasted 03:21:57 (55436 turns).

porpoise the Severer (Minotaur Berserker)          Turns: 55436, Time: 03:21:58

Health: -15/171    AC: 22    Str: 32    XL:     18   Next: 70%
Magic:  17/17      EV: 15    Int: 17    God:    Trog [******]
Gold:   236        SH: 20    Dex: 12    Spells: 17/17 levels left

rFire    + . .     SeeInvis +   a - +8 broad axe of Exhibitionism {vorpal, rPois Will+ SInv Stlth-}
rCold    + + .     Faith    +   X - +1 kite shield "Onyqag" {rN+ Str+5 Int+4}
rNeg     + + +     Spirit   .   S - +3 scale mail of the Good {Contam rF+ rN++ Int+4}
rPois    +         Reflect  .   o - +0 hat {Will+}
rElec    +         Harm     .   Q - +1 cloak {Stlth+}
rCorr    .         Rampage  .   R - +2 pair of gloves {Stlth+}
Will     +++++                  I - +2 pair of boots {Fly}
Stlth    ..........             n - amulet of faith
HPRegen  1.38/turn              m - ring of Past Mistakes {+Blink rElec rC+ Int+4 SInv Stlth-}
MPRegen  0.15/turn              v - ring of willpower

@: silenced, strong-willed (expiring), attractive, flying, regenerating
(expiring)
A: horns 2, retaliatory headbutt, large bone plates 1, cold resistance 1
}: 1/15 runes: serpentine
a: Renounce Religion, Evoke Blink


You were on level 3 of the Elven Halls.
You worshipped Trog.
Trog was exalted by your worship.
You visited 5 branches of the dungeon, and saw 30 of its levels.
You visited the Abyss 1 time.
You also visited: Trove and Sewer.

You collected 3547 gold pieces.
You spent 3311 gold pieces at shops.

Inventory:

Hand Weapons
 a - the +8 broad axe of Exhibitionism (weapon) {vorpal, rPois Will+ SInv Stlth-}
   (Trog gifted it to you on level 11 of the Dungeon)

   It inflicts extra damage upon your enemies.
   rPois:     It protects you from poison.
   SInv:      It lets you see invisible.
   Will:      It increases your willpower.
   Stlth:     It makes you less stealthy.
 b - the +3 sling "Punk" {acid, rCorr}
   (You found it in a treasure trove)

   rCorr:     It protects you from acid and corrosion.
 w - the +10 broad axe of the Stork {drain, Int+4}
   (You found it in a treasure trove)

   A truly terrible weapon, it drains the life of those it strikes.
   Int:       It affects your intelligence (+4).
 H - a +6 quick blade of draining
Missiles
 d - 135 sling bullets
 h - 663 stones
 E - 2 curare-tipped darts (quivered)
Armour
 o - a +0 hat of willpower (worn)
 I - a +2 pair of boots of flying (worn)
 Q - a +1 cloak of stealth (worn)
 R - a +2 pair of gloves of stealth (worn)
 S - the +3 scale mail of the Good (worn) {Contam rF+ rN++ Int+4}
   (You bought it in a shop on level 12 of the Dungeon)

   Int:       It affects your intelligence (+4).
   rF:        It protects you from fire.
   rN:        It greatly protects you from negative energy.
   Contam:    It causes magical contamination when unequipped.
 X - the +1 kite shield "Onyqag" (worn) {rN+ Str+5 Int+4}
   (You bought it in a shop on level 2 of the Snake Pit)

   Str:       It affects your strength (+5).
   Int:       It affects your intelligence (+4).
   rN:        It protects you from negative energy.
Jewellery
 c - a ring of resist corrosion
 m - the ring of Past Mistakes (left hand) {+Blink rElec rC+ Int+4 SInv Stlth-}
   (You found it on level 14 of the Dungeon)

   [ring of see invisible]

   Int:       It affects your intelligence (+4).
   rC:        It protects you from cold.
   rElec:     It insulates you from electricity.
   SInv:      It lets you see invisible.
   +Blink:    It lets you blink.
   Stlth:     It makes you less stealthy.
 n - an amulet of faith (around neck)
 t - a ring of protection from fire
 v - a ring of willpower (right hand)
 J - a +6 ring of intelligence
Wands
 f - a wand of charming (5)
 g - a wand of paralysis (18)
 x - a wand of acid (34)
 B - a wand of flame (53)
 C - a wand of digging (11)
 F - a wand of mindburst (16)
 G - a wand of polymorph (9)
 P - a wand of iceblast (36)
Scrolls
 i - 5 scrolls of fear
 j - 2 scrolls of fog
 s - 3 scrolls of noise
 u - 7 scrolls of teleportation
 y - 8 scrolls of identify
 M - a scroll of vulnerability
 T - a scroll of silence
Potions
 e - 2 potions of might
 k - a potion of attraction
 q - 5 potions of curing
 z - 3 potions of lignification
 A - a potion of resistance
Miscellaneous
 l - a lightning rod (4/4)
 D - a tin of tremorstones (2/2)
 K - a phial of floods
 N - a box of beasts


   Skills:
 + Level 17.9 Fighting
 - Level 18.0 Axes
 - Level 1.0(12.2) Maces & Flails
 - Level 14.0 Slings
 - Level 14.0 Armour
 - Level 12.0 Dodging
 - Level 15.0 Shields
 + Level 11.4 Evocations


You had 17 spell levels left.
You didn't know any spells.
Your spell library was empty.

Dungeon Overview and Level Annotations

Branches:
Dungeon (15/15)            Temple (0/1) D:4            Lair (6/6) D:10
 Shoals (0/4) Lair:3        Snake (4/4) Lair:3        Slime (0/5) Lair:6
    Orc (2/2) D:9             Elf (3/3) Orc:2        Vaults (0/5) D:14
 Depths (0/5) D:15          Sewer (visited)

Altars:
Ashenzari
Cheibriados
Dithmenos
Kikubaaqudgha
Makhleb
Nemelex Xobeh
Okawaru
Ru
Sif Muna
Trog
Xom
Zin
Beogh
Jiyva

Shops:
D:12 [   Orc:2 [?(?   Elf:1 :?[   Elf:2 [*   Snake:2 =[[[[([*   Snake:4 [

Annotations:
D:10 3 runed translucent doors, robertstho's ghost, journeyman MiBe
Elf:3 2 exclusions


Innate Abilities, Weirdness & Mutations

You have a pair of horns on your head.
You reflexively headbutt those who attack you in melee.
You are partially covered in large bone plates. (SH +4)
Your flesh is cold resistant. (rC+)


Message History

The deep elf death mage is healed!
The deep elf death mage hits you with a +1 scimitar of freezing!
* * * LOW HITPOINT WARNING * * *
The deep elf annihilator is pulled toward you!
The deep elf death mage is pulled toward you!
You feel better.
You feel the effects of Trog's Hand fading.
You block the deep elf high priest's attack.
The deep elf death mage hits you with a +0 rapier.
* * * LOW HITPOINT WARNING * * *
The deep elf demonologist hits you but does no damage.
The deep elf death mage hits you with a +0 dagger.
* * * LOW HITPOINT WARNING * * *
You block the deep elf death mage's attack.
Okay, then.
Unknown command.
You slice the deep elf death mage!!
You kill the deep elf death mage!
Trog accepts your kill.
Trog appreciates your killing of a magic user.
You slash the deep elf death mage!
You kill the deep elf death mage!
Trog accepts your kill.
Trog appreciates your killing of a magic user.
You closely miss the deep elf master archer.
You closely miss the deep elf high priest.
You closely miss the deep elf death mage.
The deep elf high priest closely misses you.
You furiously retaliate!
You headbutt the deep elf high priest!
The deep elf master archer shoots an arrow.
The arrow hits you!
* * * LOW HITPOINT WARNING * * *
The deep elf demonologist hits you but does no damage.
The deep elf death mage hits you but does no damage.
The deep elf death mage is pulled toward you!
You feel better.
You recover from your berserk rage.
The deep elf master archer shoots an arrow.
The arrow hits you!!
You die...

.....#.##)..##*...,**,**,...#**,,
......##.....#..(..##***,...,#,,,
.e......))ee((......* *,...,..,,⌠
#e....##).)e)#.....####*..,..#,,,
+..e...##...##*....##.##.,..#**,,
#...##..##.##.##..#.....#..#*,**,
##''# ######...#ee.........#..,**
##..# ##....eeEe.......Ee..,,*
##.e# *#.....e@##.....##e...,,,
##..# **....#.)).##...##,,,,#,,,
..e.###*,.,,*##....##.##,,,,***,,
....§.#**,,,,*....##..,**,,,,*,,,
##....# **,,,(...##...,,**,,,,,,,
##..### **,....##,..⌠,,,**,,,,,*
##..## *#[..#**#...,,****,,,**
##...# ##$#* **,,,** **,** ###..#
*** **,*** *****


You could see a deep elf master archer, a deep elf annihilator, 2 deep elf death
magi, a deep elf demonologist, a deep elf high priest and an earth elemental.

Vanquished Creatures
  2 liches (D:14)
  A deep elf blademaster (Elf:3)
  The ghost of McSplat the Basher, an adept OgFE of Gozag (D:14)
  Frances (D:12)
  3 tentacled starspawn (Abyss:3)
  Roxanne (D:15)
  Agnes (D:15)
  3 nagarajas
  The ghost of dickylongcocking the Nimble, an adept DjFE of Makhleb (D:14)
  3 deep elf sorcerers (Elf:3)
  An emperor scorpion (D:15)
  A deep elf elementalist (Elf:3)
  Nessos (D:14)
  A deep elf demonologist (Elf:3)
  A deep elf annihilator (Elf:2)
  2 deep elf death magi (Elf:3)
  A fire dragon (Lair:6)
  A deep elf high priest (Elf:1)
  A rakshasa (Abyss:3)
  An ice dragon (Lair:6)
  6 hydras
  3 salamander tyrants
  2 ogre magi (Orc:2)
  11 naga warriors
  3 centaur warriors
  2 anacondas
  3 boulder beetles
  2 catoblepae
  28 dancing weapons
  9 two-headed ogres
  21 naga sharpshooters
  5 death yaks
  4 tengu warriors
  2 thrashing horrors (Abyss:3)
  3 shock serpents (Snake:4)
  2 orc high priests
  14 deep elf knights
  2 sea snakes (Snake:2)
  A skeletal warrior (D:13)
  6 salamander mystics
  2 sixfirhies (Abyss:3)
  2 deep trolls (Orc:2)
  A shadow wraith (Abyss:3)
  A swamp dragon (Lair:6)
  6 naga ritualists
  A lindwurm (Lair:6)
  A wolf spider (D:13)
  6 deep elf archers
  12 cyclopes
  24 deep elf pyromancers
  19 deep elf zephyrmancers
  5 ugly things
  An orc knight (Orc:1)
  18 mana vipers
  An oklob plant (Lair:1)
  A worldbinder (Abyss:3)
  9 salamanders
  A manticore (shapeshifter) (D:15)
  13 elephants
  A salamander (shapeshifter) (D:15)
  3 orc sorcerers
  2 guardian serpents
  3 manticores
  17 naga magi
  A smoke demon (Abyss:3)
  An apocalypse crab (Abyss:3)
  2 merfolk sirens (Lair:3)
  33 black mambas
  A gargoyle (D:12)
  7 torpor snails
  11 cane toads
  12 komodo dragons
  An unseen horror (D:11)
  Psyche (D:8)
  A rime drake (shapeshifter) (D:15)
  3 rime drakes
  3 kobold demonologists
  A hellwing (Abyss:3)
  An efreet (D:13)
  3 tengu conjurers (D:14)
  2 merfolk (Lair:3)
  14 trolls
  8 blink frogs
  8 hornets
  2 ancient zymes (Abyss:3)
  4 polar bears
  4 tyrant leeches (Lair:6)
  4 slime creatures
  3 dream sheep (Lair:6)
  3 small abominations (Abyss:3)
  7 starcursed masses (Abyss:3)
  A water elemental (Elf:1)
  A wraith (D:13)
  65 yaks
  2 air elementals
  A shadow (D:7)
  5 wyverns
  2 vampires
  4 basilisks
  3 fire elementals
  Grum (D:9)
  A basilisk (shapeshifter) (Elf:1)
  Menkaure (D:7)
  2 steam dragons
  A chaos spawn (Abyss:3)
  3 wargs
  38 nagas
  Edmund (D:5)
  3 acid dragons
  14 water moccasins
  A swamp drake (Lair:6)
  17 orc warriors
  A sky beast (D:8)
  2 black bears
  An ice beast (D:5)
  6 necrophages
  20 ogres
  A hornet zombie (D:7)
  13 centaurs
  34 wolves
  2 phantoms
  7 kobold brigands
  24 bullfrogs
  An earth elemental (Elf:2)
  A gnoll sergeant (D:11)
  2 scorpions
  4 killer bees (D:9)
  9 wights
  2 electric eels (D:10)
  3 howler monkeys
  A lava snake (D:10)
  3 centaur zombies
  11 jellies
  A gnoll shaman (D:7)
  10 hounds
  A bullfrog skeleton (D:6)
  16 orc priests
  4 iguanas (Lair:6)
  5 orc wizards
  12 hell rats
  A scorpion zombie (D:5)
  A killer bee zombie (D:6)
  A howler monkey zombie (D:7)
  12 gnolls
  4 river rats
  10 adders
  2 howler monkey skeletons
  4 shadow imps
  2 white imps
  An ufetubus (D:6)
  An adder zombie (D:2)
  An adder skeleton (D:2)
  4 worms
  2 dart slugs
  50 orcs
  9 bats
  16 endoplasms
  2 giant cockroaches
  7 hobgoblins
  7 jackals (D:1)
  18 kobolds
  4 quokkas
  3 ball pythons
  2 ball python skeletons (D:2)
  A ball python zombie (D:2)
  2 frilled lizards (D:3)
  2 giant cockroach zombies (D:2)
  7 goblins
  A jackal skeleton (D:4)
  A jackal zombie (D:2)
  2 quokka skeletons
  13 rats
  8 bushes (Lair:1)
  A lurking horror (Abyss:3)
  8 starspawn tentacles (Abyss:3)
1022 creatures vanquished.

Vanquished Creatures (collateral kills)
  2 deep elf elementalists (Elf:3)
  2 deep elf annihilators (Elf:3)
  A deep elf death mage (Elf:3)
  Harold (D:9)
  An acid dragon (D:8)
7 creatures vanquished.

Vanquished Creatures (others)
  A lich (D:14)
  51 fungi
  108 plants
  7 starspawn tentacles (Abyss:3)
167 creatures vanquished.

Grand Total: 1196 creatures vanquished

Notes
Turn   | Place    | Note
-------+----------+-------------------------------------------
     0 | D:1      | porpoise the Minotaur Berserker began the quest for the
                  | Orb.
     0 | D:1      | Reached XP level 1. HP: 19/19 MP: 0/0
   158 | D:1      | Reached skill level 4 in Axes
   158 | D:1      | Reached XP level 2. HP: 17/27 MP: 1/1
   800 | D:1      | Reached XP level 3. HP: 34/34 MP: 2/2
  1293 | D:2      | Reached ** piety under Trog
  1661 | D:2      | Reached XP level 4. HP: 41/41 MP: 3/3
  1664 | D:2      | Reached skill level 5 in Fighting
  1664 | D:2      | Reached skill level 5 in Axes
  2324 | D:2      | Found a faded altar of an unknown god.
  2612 | D:3      | Found a sparkling altar of Nemelex Xobeh.
  3064 | D:3      | Reached XP level 5. HP: 48/48 MP: 4/4
  3270 | D:3      | Found a bloodstained altar of Trog.
  3582 | D:4      | Reached *** piety under Trog
  3635 | D:4      | Reached skill level 6 in Axes
  3733 | D:4      | Reached XP level 6. HP: 54/57 MP: 5/5
  3890 | D:4      | Found a staircase to the Ecumenical Temple.
  4061 | D:4      | Found a snail-covered altar of Cheibriados.
  4090 | D:4      | Found an iron altar of Okawaru.
  4442 | D:5      | Entered Level 5 of the Dungeon
  4538 | D:5      | Reached skill level 7 in Axes
  4800 | D:5      | Reached XP level 7. HP: 66/66 MP: 6/6
  4914 | D:5      | Noticed Edmund
  4924 | D:5      | Killed Edmund
  5081 | D:5      | Reached skill level 8 in Axes
  5265 | D:5      | Noticed a vampire
  5275 | D:5      | Killed a vampire
  5410 | D:5      | Reached XP level 8. HP: 77/77 MP: 7/7
  5595 | D:5      | Reached **** piety under Trog
  5598 | D:5      | Reached skill level 9 in Axes
  6333 | D:6      | Reached skill level 10 in Axes
  6365 | D:6      | Reached skill level 5 in Armour
  6448 | D:6      | Found a glowing drain.
  6465 | Sewer    | Entered a sewer
  7089 | Sewer    | Reached XP level 9. HP: 75/83 MP: 8/8
  8147 | D:6      | Reached skill level 11 in Axes
  8432 | D:6      | Reached skill level 12 in Axes
  8711 | D:7      | Noticed a troll
  8724 | D:7      | Killed a troll
  9155 | D:7      | Reached ***** piety under Trog
  9539 | D:7      | Reached skill level 5 in Dodging
  9714 | D:7      | Found a burning altar of Makhleb.
  9719 | D:7      | Reached XP level 10. HP: 86/91 MP: 9/9
  9801 | D:7      | Noticed Menkaure
  9808 | D:7      | Killed Menkaure
  9818 | D:8      | Noticed a two-headed ogre
  9823 | D:8      | Killed a two-headed ogre
  9824 | D:8      | Reached skill level 13 in Axes
 10551 | D:7      | Found a shadowy altar of Dithmenos.
 11057 | D:8      | Noticed Psyche
 11068 | D:8      | Killed Psyche
 11668 | D:8      | Identified the +3 plate armour "Ygiodiukh" {Fly rF- rN+
                  | rCorr Stlth+}
 11884 | D:9      | Reached skill level 1 in Evocations
 11885 | D:9      | Reached skill level 14 in Axes
 11933 | D:9      | Found a shimmering blue altar of Sif Muna.
 12246 | D:9      | Noticed Grum
 12262 | D:9      | Killed Grum
 12446 | D:9      | Reached XP level 11. HP: 84/97 MP: 10/10
 12511 | D:9      | Found a staircase to the Orcish Mines.
 12630 | D:9      | Found a shimmering altar of Xom.
 12630 | D:9      | Found a sacrificial altar of Ru.
 12630 | D:9      | Found an ancient bone altar of Kikubaaqudgha.
 12769 | D:9      | Noticed Harold
 12778 | D:9      | Killed Harold
 12835 | D:9      | Found a glowing silver altar of Zin.
 12844 | D:9      | Found a broken altar of Ashenzari.
 13122 | D:10     | Entered Level 10 of the Dungeon
 13142 | D:9      | Reached skill level 15 in Axes
 13370 | D:9      | Reached skill level 5 in Evocations
 13617 | D:10     | Found a staircase to the Lair.
 13644 | D:10     | Found a runed translucent gate.
 13644 | D:10     | Found a runed translucent gate.
 13644 | D:10     | Found a runed translucent gate.
 13646 | D:10     | Noticed a centaur warrior
 13807 | D:10     | Noticed robertstho's ghost (journeyman MiBe)
 15194 | D:11     | Reached skill level 10 in Fighting
 15430 | D:11     | Identified the +1 pair of boots of the Gate {Str-4 Int+5}
 16281 | D:11     | Identified the +8 broad axe of Exhibitionism {vorpal, rPois
                  | Will+ SInv Stlth-} (Trog gifted it to you on level 11 of
                  | the Dungeon)
 16281 | D:11     | Received a gift from Trog
 16820 | D:12     | Found a portal to a secret trove of treasure.
 16826 | Trove    | Entered a treasure trove
 16828 | Trove    | Found a bloodstained altar of Trog.
 16885 | Trove    | Found the +3 sling "Punk" {acid, rCorr}
 16964 | Trove    | Identified the +10 broad axe of the Stork {drain, Int+4}
 17512 | D:12     | Reached skill level 16 in Axes
 17615 | D:12     | Noticed Frances
 17628 | D:12     | Noticed a sixfirhy
 17950 | D:13     | Noticed a wolf spider
 17960 | D:13     | Killed a wolf spider
 18507 | D:13     | Noticed a purple ugly thing
 18515 | D:13     | Killed a purple ugly thing
 18786 | D:13     | Noticed a two-headed ogre
 18787 | D:13     | Noticed a centaur warrior
 18795 | D:13     | Killed a two-headed ogre
 18796 | D:13     | Reached XP level 12. HP: 23/110 MP: 11/11
 18807 | D:13     | Killed a centaur warrior
 19492 | D:13     | Noticed a boulder beetle
 19501 | D:13     | Killed a boulder beetle
 19855 | D:13     | Noticed a four-headed hydra
 19862 | D:13     | Killed a four-headed hydra
 20016 | D:13     | Reached skill level 17 in Axes
 20120 | D:13     | Noticed a tengu warrior
 20133 | D:13     | Killed a tengu warrior
 21082 | D:14     | Noticed a tengu warrior
 21082 | D:14     | Noticed a tengu warrior
 21098 | D:13     | Killed a tengu warrior
 21171 | D:14     | Killed a tengu warrior
 21628 | D:14     | Found a gate to the Vaults.
 21852 | D:14     | Noticed a boulder beetle
 21860 | D:14     | Killed a boulder beetle
 22090 | D:14     | Noticed Nessos
 22097 | D:14     | Killed Nessos
 22134 | D:14     | Reached skill level 18 in Axes
 22295 | D:14     | Noticed a tengu warrior
 22308 | D:14     | Killed a tengu warrior
 22309 | D:14     | Reached skill level 1 in Maces & Flails
 22309 | D:14     | Reached skill level 1 in Shields
 22309 | D:14     | Reached XP level 13. HP: 77/123 MP: 12/12
 22605 | D:14     | Reached skill level 1 in Slings
 22742 | D:14     | Found a glowing silver altar of Zin.
 22918 | D:14     | Found a runed translucent gate.
 22918 | D:14     | Found a runed translucent gate.
 22918 | D:14     | Found an ancient bone altar of Kikubaaqudgha.
 22918 | D:14     | Found a runed translucent gate.
 22918 | D:14     | Noticed a lich
 22919 | D:14     | Noticed McSplat's ghost (adept OgFE)
 22919 | D:14     | Noticed dickylongcocking's ghost (adept DjFE)
 22919 | D:14     | Noticed a lich
 22919 | D:14     | Noticed a lich
 23409 | D:15     | Entered Level 15 of the Dungeon
 24376 | D:15     | Noticed an emperor scorpion
 24824 | D:15     | Reached skill level 5 in Shields
 25388 | D:15     | Reached skill level 5 in Slings
 25404 | D:15     | Killed an emperor scorpion
 25776 | D:15     | Found a staircase to the Depths.
 26010 | D:15     | Noticed Agnes
 26016 | D:15     | Killed Agnes
 26016 | D:15     | Reached * piety under Trog
 26242 | D:15     | Noticed Roxanne
 26263 | D:15     | Killed Roxanne
 26627 | D:14     | Gained mutation: You are partially covered in large bone
                  | plates. (SH +4) [potion of mutation]
 26627 | D:14     | Gained mutation: Your flesh is cold resistant. (rC+)
                  | [potion of mutation]
 26634 | D:14     | Killed a lich
 26641 | D:14     | Killed a lich
 26646 | D:14     | Killed a lich
 26787 | D:14     | Killed dickylongcocking's ghost
 26788 | D:14     | Reached skill level 10 in Armour
 26788 | D:14     | Reached XP level 14. HP: 111/132 MP: 5/13
 26987 | D:14     | Identified the ring of Past Mistakes {+Blink rElec rC+
                  | Int+4 SInv Stlth-}
 27002 | D:14     | Identified the -1 pair of gloves of the Guild-Master {rF+
                  | rN+ Str-2}
 27057 | D:14     | Killed McSplat's ghost
 27283 | D:12     | Killed Frances
 27529 | D:12     | Found Mibyer's Armour Emporium.
 27532 | D:12     | Bought the +3 scale mail of the Good {Contam rF+ rN++
                  | Int+4} for 601 gold pieces
 27807 | Lair:1   | Entered Level 1 of the Lair of Beasts
 30619 | Lair:3   | Found a staircase to the Shoals.
 31113 | Lair:3   | Found a staircase to the Snake Pit.
 31656 | Lair:4   | Reached skill level 10 in Shields
 32256 | Lair:5   | Reached XP level 15. HP: 138/138 MP: 14/14
 32769 | Lair:5   | Reached skill level 10 in Dodging
 33605 | Lair:6   | Entered Level 6 of the Lair of Beasts
 33803 | Lair:6   | Reached ****** piety under Trog
 34220 | Lair:6   | Found a runed translucent door.
 34480 | Lair:6   | Paralysed by a hornet for 3 turns
 34736 | Lair:6   | Received a gift from Trog
 35993 | Lair:6   | Found a staircase to the Slime Pits.
 35993 | Lair:6   | Found a viscous altar of Jiyva.
 36781 | Lair:1   | Upgraded the game from 0.27-a0-1359-ga2a4dfd6fd to
                  | 0.27-a0-1378-gdefffd1ff6
 36803 | Orc:1    | Entered Level 1 of the Orcish Mines
 37782 | Orc:2    | Entered Level 2 of the Orcish Mines
 38019 | Orc:2    | Identified the +7 broad axe of Ecuahome {vorpal, rF++}
                  | (Trog gifted it to you on level 2 of the Orcish Mines)
 38019 | Orc:2    | Received a gift from Trog
 38387 | Orc:2    | Found a staircase to the Elven Halls.
 38863 | Orc:2    | Reached XP level 16. HP: 135/147 MP: 15/15
 39054 | Orc:2    | Reached skill level 10 in Slings
 39266 | Orc:2    | Received a gift from Trog
 39388 | Orc:2    | Found Yzemedas's Magic Scroll Boutique.
 39404 | Orc:2    | Found Zolot's Antique Weapon Emporium.
 39466 | Orc:2    | Found Odaipru's Magic Scroll Shoppe.
 39472 | Orc:2    | Found Gaepeps's Antique Armour Emporium.
 39674 | Orc:2    | Bought a pair of bloodstained gloves for 266 gold pieces
 39674 | Orc:2    | Identified the +2 pair of gloves of the Eight Boll Weevils
                  | {Int+5} (You bought it in a shop on level 2 of the Orcish
                  | Mines)
 39697 | Orc:2    | Bought a scroll of acquirement for 520 gold pieces
 39697 | Orc:2    | Acquired a +0 hat of willpower
 39709 | Orc:2    | Bought a scroll of summoning for 114 gold pieces
 39709 | Orc:2    | Bought a scroll of blinking for 90 gold pieces
 39925 | Snake:1  | Entered Level 1 of the Snake Pit
 40321 | Snake:1  | Identified the +6 spear "Hadi" {vorpal, rF+ rC+}
 40699 | Snake:1  | Reached skill level 15 in Fighting
 41049 | Snake:2  | Found Emautuj's Weapon Shop.
 41189 | Snake:2  | Found Basuxabi's Antique Armour Shoppe.
 41201 | Snake:2  | Found Ycziloek's Assorted Antiques.
 41377 | Snake:2  | Bought a pair of embroidered boots for 300 gold pieces
 41393 | Snake:2  | Bought a potion of heal wounds for 160 gold pieces
 41393 | Snake:2  | Bought a fine scale mail for 288 gold pieces
 41393 | Snake:2  | Identified the +6 scale mail of the Twelve Artisans {Int+4
                  | SInv} (You bought it in a shop on level 2 of the Snake Pit)
 41419 | Snake:2  | Found Etook's Antique Armour Shoppe.
 41667 | Snake:2  | Found Jonkos's Jewellery Shop.
 41766 | Snake:2  | Found Gofud's Armour Emporium.
 41772 | Snake:2  | Found Puimakh's Antique Armour Boutique.
 41775 | Snake:2  | Found Bazon's Antique Armour Shop.
 41785 | Snake:2  | Received a gift from Trog
 42349 | Snake:2  | Bought a runed cloak for 217 gold pieces
 42354 | Snake:2  | Bought a pair of embroidered gloves for 217 gold pieces
 43299 | Snake:2  | Bought the +1 kite shield "Onyqag" {rN+ Str+5 Int+4} for
                  | 514 gold pieces
 43993 | Orc:2    | Bought a scroll of fog for 24 gold pieces
 44177 | Snake:4  | Entered Level 4 of the Snake Pit
 44798 | Snake:4  | Found Quvir's Antique Armour Shop.
 45663 | Snake:4  | Reached XP level 17. HP: 107/158 MP: 16/16
 45681 | Snake:4  | Received a gift from Trog
 47422 | Snake:4  | Reached skill level 15 in Shields
 47424 | Snake:4  | Received a gift from Trog
 48924 | Snake:4  | Got a serpentine rune of Zot
 49509 | Elf:1    | Entered Level 1 of the Elven Halls
 49685 | Elf:1    | Received a gift from Trog
 49995 | Elf:1    | Found Sireku's Magic Scroll Shop.
 50005 | Elf:1    | Found Atol's Antique Armour Boutique.
 50120 | Elf:1    | Upgraded the game from 0.27-a0-1378-gdefffd1ff6 to
                  | 0.27-a0-1431-gcffa5a9b16
 50702 | Elf:1    | Found Poxtujom's Book Shop.
 51208 | Elf:2    | Found Zemion's Armour Shop.
 51357 | Elf:2    | Received a gift from Trog
 52053 | Elf:2    | Paralysed by an air elemental for 1 turns
 52061 | Elf:2    | Paralysed by an air elemental for 1 turns
 52098 | Elf:2    | Reached XP level 18. HP: 41/166 MP: 17/17
 52540 | Elf:2    | Found Ylunkuk's General Store.
 52634 | Elf:2    | Found a runed translucent gate.
 52634 | Elf:2    | Found a runed translucent gate.
 52634 | Elf:2    | Found a runed translucent gate.
 53788 | Elf:2    | Reached skill level 10 in Evocations
 53795 | Elf:2    | Received a gift from Trog
 54309 | Elf:2    | Cast into level 3 of the Abyss (+4 double sword of
                  | distortion)
 54519 | Elf:2    | Escaped the Abyss
 55028 | Elf:3    | Entered Level 3 of the Elven Halls
 55419 | Elf:3    | HP: 2/171 [deep elf master archer/arrow (26)]
 55426 | Elf:3    | Identified the +5 halberd of Karma {flame, rC+}
 55433 | Elf:3    | HP: 5/171 [deep elf death mage (8)]
 55435 | Elf:3    | HP: 1/171 [deep elf master archer/arrow (13)]
 55436 | Elf:3    | Shot with an arrow by a deep elf master archer

Illustrated notes

Levels and vault maps discovered:
D:1:      saegor_arrival_simple_b, layout_loops_ring, chequers_decorated_corner,
          minmay_misc_feat_roman
D:2:      layout_basic, serial_undead, serial_undead_f, serial_undead_d,
          serial_undead_f, serial_undead_d, serial_undead_b, serial_undead_f,
          serial_undead_b, hellmonk_ecumenical_altar_heavens_door,
          minmay_crystal_room, st_stairs_8, chequers_serial_rivers_micro_c
D:3:      layout_basic, overflow_temple_1_default, nemelex_diamond_rough_becter
D:4:      layout_basic, okawaru_trees_2, lemuel_doored_altar,
          minmay_temple_entry_glassed_door
D:5:      layout_loops_ring, uniq_edmund
D:6:      layout_loops_corners, portal_sewer_entry_a
D:7:      layout_layer_cave, old_standard_altar, grunt_dithmenos_shadows,
          minmay_manual_mess, uniq_menkaure
D:8:      layout_rooms, kennysheep_minor_cross, minmay_misc_feat_diagonals,
          kennysheep_pointless_box, uniq_psyche
D:9:      layout_cave_pools, gammafunk_temple_overflow_claw, lemuel_round_altar,
          jmf_multi_god_temple, uniq_grum, uniq_harold
D:10:     layout_loops_ring, erik_lair_island, serial_rivers,
          chequers_serial_rivers_room_a, chequers_serial_rivers_micro_a,
          chequers_serial_rivers_micro_a, chequers_serial_rivers_marsh,
          gammafunk_ghost_split, kennysheep_generic_room_4
D:11:     layout_basic, enter_bailey_3
D:12:     layout_irregular_city, serial_shops, nicolae_shop_behind_doors,
          enter_trove_0, uniq_frances
D:13:     wad_cavern_with_rooms, layout_long_grid
D:14:     layout_stronghold, erik_vaults_1, serial_bayou_pond_d,
          gammafunk_ghost_crypt, zin_academy, uniq_nessos
D:15:     hangedman_depths_entry_try_elsewhere_first, layout_small_grid,
          hangedman_abyss_or_decor_stagger, uniq_roxanne, uniq_agnes
Lair:1:   layout_hall_layers, chequers_serial_rivers_micro_b,
          minmay_lair_oklob_bushes
Lair:2:   lemuel_slime, layout_regular_city, infiniplex_staircase_pool_2
Lair:3:   layout_cave_shapes, elwin_shoals_entry_stream, dummy_snake_entry,
          grunt_megastairs_3
Lair:4:   layout_big_grid, st_stairs_13, nicolae_lair_yak_garden
Lair:5:   layout_regular_city
Lair:6:   wormcave, layout_long_grid, guppyfry_lair_end_dragon, slime_altar_1,
          serial_bayou_shore_b
Snake:1:  layout_grid_shapes
Snake:2:  layout_onion_interference, serial_shops, shop_fountains,
          nicolae_stop_n_shop_2, shop_fountains, shop_coins,
          nicolae_stop_n_shop_1, nicolae_wooded_promenade
Snake:3:  layout_misc_corridors
Snake:4:  snake_pit, layout_layer_cave, serial_shops,
          nicolae_shop_overgrown_old_shop, drop_trap
Orc:1:    layout_caves, kennysheep_orc_chapel
Orc:2:    st_orc_open, layout_diamond_mine
Elf:1:    eino_elf_arrival_the_gate, layout_geoelf_diagonals, serial_shops,
          shop, kennysheep_underground_church, st_stairs_8, glass_columns_b,
          minivault_23, hex_large, minmay_shoptagon
Elf:2:    layout_geoelf_octagon, serial_shops, shop, nicolae_stop_n_shop_1
Elf:3:    grunt_elf_hall_diamonds, layout_gridlike, serial_shops,
          nicolae_shop_window_shopping, shop, shop, shop

Skill      XL: |  1  2  3  4  5  6  7  8  9 10 11 12 13 14 15 16 17 18 |
---------------+-------------------------------------------------------+-----
Fighting       | 4 5 6 7 8 9 11 13 14 16 17 | 17.9
Axes           | 4 5 6 7 8 10 12 14 16 18 | 18.0
Armour         | 6 7 10 12 14 | 14.0
Dodging        | 5 7 8 11 12 | 12.0
Evocations     | 3 5 7 8 9 11 | 11.4
Maces & Flails | 1 |  1.0
Shields        | 1 7 10 12 14 15 | 15.0
Slings         | 8 9 11 14 | 14.0

Action                   |  1- 3 |  4- 6 |  7- 9 | 10-12 | 13-15 | 16-18 || total
-------------------------+-------+-------+-------+-------+-------+-------++-------
Melee: Hand axe          |    75 |    50 |       |       |       |       ||   125
       Headbutt          |    11 |    16 |    50 |    76 |   145 |   111 ||   409
       War axe           |       |    85 |   260 |   259 |       |       ||   604
       Broad axe         |       |       |       |   116 |   656 |   541 ||  1313
       Flail             |       |       |       |     2 |       |       ||     2
       Executioner's axe |       |       |       |       |     2 |       ||     2
       Morningstar       |       |       |       |       |     9 |       ||     9
 Fire: Fustibalus        |       |       |       |    81 |   474 |   719 ||  1274
Throw: Dart              |       |    32 |    10 |    55 |       |     3 ||   100
       Boomerang         |       |       |     4 |    19 |       |       ||    23
Invok: Berserk           |     1 |     2 |     7 |     8 |    13 |     6 ||    37
       Brothers in Arms  |       |       |       |     3 |       |     1 ||     4
       Trog's Hand       |       |       |       |     1 |       |     7 ||     8
 Abil: Evoke Blink       |       |       |       |       |       |     1 ||     1
Evoke: Wand              |       |       |       |     4 |       |     2 ||     6
       Tin of tremorston |       |       |       |       |       |     2 ||     2
  Use: Scroll            |       |     3 |     9 |    12 |     6 |     9 ||    39
       Potion            |       |       |       |     7 |     9 |     6 ||    22
 Stab: Invisible         |       |       |       |       |     8 |       ||     8
Armor: Chain mail        |    44 |    72 |    86 |   193 |    38 |       ||   433
       Animal skin       |     2 |       |       |       |       |       ||     2
       Skin              |       |       |       |     4 |       |       ||     4
       Scale mail        |       |       |       |       |   105 |   177 ||   282
       Ring mail         |       |       |       |       |     3 |       ||     3
Dodge: Dodged            |    24 |    55 |   104 |   169 |   211 |   229 ||   792
Block: Other             |       |       |       |       |     1 |       ||     1
       Kite shield       |       |       |       |       |   284 |   409 ||   693
       Buckler           |       |       |       |       |    49 |   107 ||   156

Table legend: (Time is in decaauts)
 A = Elapsed time spent in this place.
 B = Non-inter-level travel time spent in this place.
 C = Inter-level travel time spent in this place.
 D = Time resting spent in this place.
 E = Time spent auto-exploring this place.
 F = Levels seen in this place.
 G = Mean time per level.
                   A        B        C        D        E       F      G
               +--------+--------+--------+--------+--------+-----+--------+
         Total |  55367 |  53053 |   2314 |  24596 |  18433 |  33 | 1677.8 |
       Dungeon |  26769 |  25845 |    924 |  12392 |  10102 |  15 | 1784.6 |
          Lair |   9035 |   8448 |    587 |   2297 |   4225 |   6 | 1505.8 |
     Snake Pit |   8963 |   8552 |    411 |   4635 |   1901 |   4 | 2240.8 |
  Orcish Mines |   3171 |   2872 |    299 |   1286 |    627 |   2 | 1585.5 |
   Elven Halls |   5502 |   5409 |     93 |   3209 |   1439 |   3 | 1834.0 |
         Abyss |    195 |    195 |      0 |     59 |      0 |   1 |  195.0 |
         Trove |    256 |    256 |      0 |      0 |      0 |   1 |  256.0 |
         Sewer |   1473 |   1473 |      0 |    716 |    139 |   1 | 1473.0 |
               +--------+--------+--------+--------+--------+-----+--------+

Top non-repeatable levels by time:
 Snake:4: 4136 daAuts
    D:13: 3639 daAuts
    D:14: 3103 daAuts
   Elf:2: 3065 daAuts
    D:15: 2915 daAuts
  Lair:6: 2723 daAuts
   Orc:2: 2096 daAuts
   Elf:1: 2047 daAuts
 Snake:3: 2044 daAuts
     D:7: 2011 daAuts
    D:10: 1966 daAuts
    D:11: 1818 daAuts
  Lair:1: 1687 daAuts
     D:5: 1571 daAuts
     D:9: 1554 daAuts
